 Dungeon Crawl Stone Soup version 0.30-a0-802-gb92711b (webtiles) character file.

Game seed: 4848888086981198256

2273 Illumine the Covert (level 9, 0/50 HPs)
             Began as a Kobold Enchanter on Feb 23, 2023.
             Succumbed to a gnoll sergeant's poison
             ... on level 7 of the Dungeon.
             The game lasted 00:10:26 (6414 turns).

Illumine the Covert (Kobold Enchanter)              Turns: 6414, Time: 00:10:26

Health: 0/50       AC:  4    Str:  5    XL:     9   Next: 65%
Magic:  12/15      EV: 15    Int: 19    God:
Gold:   106        SH:  0    Dex: 17    Spells: 3/16 levels left

rFire   . . .      SeeInvis .    a - +1 dagger
rCold   . . .      Faith    .    (no shield)
rNeg    . . .      Spirit   .    b - +0 robe
rPois   .          Reflect  .    (no helmet)
rElec   .          Harm     .    u - +0 cloak {Stlth+}
rCorr   .          Rampage  .    (no gloves)
Will    .....                    k - +0 pair of boots
Stlth   ++++++                   (no amulet)
HPRegen 0.28/turn                (no ring)
MPRegen 0.14/turn                (no ring)

@: lethally poisoned (0 -> -12)
A: small, no large weapons, nightstalker 3
a: no special abilities


You were on level 7 of the Dungeon.
You visited 2 branches of the dungeon, and saw 8 of its levels.

You collected 323 gold pieces.
You spent 217 gold pieces at shops.

Inventory:

Hand Weapons
 a - a +1 dagger (weapon)
 x - a +0 dagger of chaos
Missiles
 t - 6 curare-tipped darts
Armour
 b - a +0 robe (worn)
 k - a +0 pair of boots (worn)
 u - a +0 cloak of stealth (worn)
Wands
 v - a wand of paralysis (5)
 C - a wand of mindburst (11)
Scrolls
 d - a scroll of identify
 e - 2 scrolls of noise
 f - 2 scrolls of vulnerability
 i - 2 scrolls of amnesia
 j - 2 scrolls of fog
 m - a scroll of enchant weapon {unknown}
 p - 2 scrolls of teleportation {unknown}
 w - a scroll of fear {unknown}
 y - a scroll of blinking {unknown}
 A - a scroll of enchant armour {unknown}
 D - a scroll of magic mapping {unknown}
Potions
 c - 4 potions of invisibility
 g - 2 potions of brilliance
 h - 2 potions of resistance
 l - 2 potions of flight {unknown}
 n - a potion of degeneration {unknown}
 o - 4 potions of lignification {unknown}
 q - 3 potions of curing {unknown}
 r - 4 potions of attraction {unknown}
 s - 4 potions of heal wounds
 z - 3 potions of might {unknown}
 B - a potion of ambrosia {unknown}
 E - a potion of cancellation {unknown}


   Skills:
 + Level 3.0 Fighting
 + Level 7.8 Short Blades
 - Level 2.4 Dodging
 + Level 9.4 Stealth
 - Level 4.0 Spellcasting
 + Level 6.3 Hexes
 + Level 5.0 Ice Magic


You had 3 spell levels left.
You knew the following spells:

 Your Spells              Type           Power      Damage    Failure   Level
a - Ensorcelled Hibernat  Hex/Ice        50%        N/A       1%          2
b - Confusing Touch       Hex            27%        N/A       3%          3
c - Tukima's Dance        Hex            27%        N/A       3%          3
d - Frozen Ramparts       Ice            46%        1d7       5%          3
e - Blink                 Tloc           6%         N/A       21%         2

Your spell library contained the following spells:

 Spells                   Type           Power      Damage    Failure   Level
 Freeze                   Ice            92%        1d9       1%          1
 Dazzling Flash           Conj/Hex       30%        N/A       12%         3
 Apportation              Tloc           6%         N/A       14%         1
 Necrotise                Necr           12%        1d4       14%         1
 Summon Small Mammal      Summ           12%        N/A       14%         1
 Hailstorm                Conj/Ice       13%        3d5       14%         3
 Lesser Beckoning         Tloc           6%         N/A       21%         2
 Iskenderun's Mystic Bla  Conj/Tloc      3%         2d3       80%         4
 Passage of Golubria      Tloc           3%         N/A       80%         4
 Starburst                Conj/Fire      1%         6d3       100%        6
 Malign Gateway           Summ/Tloc      1%         N/A       100%        7


Dungeon Overview and Level Annotations

Branches:
Dungeon (7/15)             Temple (1/1) D:4

Altars:
Ashenzari
Cheibriados
Elyvilon
Fedhas
Gozag
Hepliaklqana
Makhleb
Nemelex Xobeh
Qazlal
Ru
Trog
Vehumet
Xom
Yredelemnul
Zin
The Shining One

Shops:
D:5 [   D:6 =

Annotations:
D:3 1 runed translucent door
D:4 Blork the orc


Innate Abilities, Weirdness & Mutations

You are small and have problems with some larger weapons.
You are completely attuned to the shadows.


Message History

Confirm with . or Enter, or press ? or * to list all spells.
Aiming: Ensorcelled Hibernation (safe; 1% risk of failure)
Press: ? - help, Shift-Dir - straight line, f/p - gnoll
Aim: a gnoll, wielding a +0 club (chance to affect: 65%)
The gnoll looks drowsy...
The helpless gnoll fails to defend itself.
You spit the gnoll like a pig!!!
You kill the gnoll!
The gnoll hits you from afar with a +0 spear.
A gnoll sergeant comes into view. It is wielding a +2 trident of venom.
The gnoll barely misses you. The gnoll attacks as you move away!
The gnoll barely misses you.
The gnoll hits you from afar with a +0 spear!
The gnoll hits you from afar with a +0 spear.
Casting: Ensorcelled Hibernation (safe; 1% risk of failure)
Confirm with . or Enter, or press ? or * to list all spells.
Aiming: Ensorcelled Hibernation (safe; 1% risk of failure)
Press: ? - help, Shift-Dir - straight line, f - gnoll sergeant
Aim: a gnoll sergeant, wielding a +2 trident of venom and wearing a +0 scale mail (chance to affect: 56%)
The gnoll sergeant looks drowsy...
The gnoll sergeant shouts!
You hear a shout!
The gnoll hits you but does no damage.
The gnoll sergeant hits you with a +2 trident of venom!
You are poisoned.
You hit the gnoll sergeant.
You punch the gnoll sergeant, but do no damage.
The gnoll sergeant is lightly wounded.
You feel very sick.
You feel sick.
The gnoll sergeant hits you from afar with a +2 trident of venom.
You are lethally poisoned!
* * * LOW HITPOINT WARNING * * *
You feel very sick.
There is an open door here.
* * * LOW HITPOINT WARNING * * *
You feel very sick.
* * * LOW HITPOINT WARNING * * *
You feel very sick.
There is an escape hatch in the ceiling here.
You die...

#.#.#
#.#######
#.#.# #.#
#.#.#####.#
#.......#
######..#
...[..#
......##
.......#
....@..#
######...#
#ggo.g...#
#.####...#
#.# #...#
####.####...#
...o...###+##
#.......#
#..o....#


You could see a gnoll sergeant.

Vanquished Creatures
  A troll (D:6)
  A water moccasin (D:6)
  An ice beast (D:5)
  2 sky beasts (D:6)
  2 black bears (D:6)
  An ogre (D:5)
  A centaur (D:6)
  2 phantoms
  3 bullfrogs
  A necrophage (D:6)
  2 scorpions (D:5)
  4 howler monkeys
  4 crimson imps (D:5)
  3 hounds (D:5)
  A jelly (D:6)
  6 iguanas
  An orc wizard (D:6)
  4 gnolls
  9 adders
  A shadow imp (D:5)
  A white imp (D:6)
  An ufetubus (D:4)
  A worm (D:2)
  4 dart slugs
  4 orcs
  4 ball pythons
  7 bats
  5 endoplasms
  6 giant cockroaches
  4 goblins (D:2)
  5 hobgoblins
  A quokka (D:2)
  2 frilled lizards
  9 kobolds
  6 rats
110 creatures vanquished.

Notes
Turn   | Place    | Note
-------+----------+-------------------------------------------
     0 | D:1      | Illumine the Kobold Enchanter began the quest for the Orb.
     0 | D:1      | Reached XP level 1. HP: 10/10 MP: 3/3
   188 | D:1      | Reached XP level 2. HP: 15/15 MP: 5/5
   305 | D:1      | Found a faded altar of an unknown god.
   727 | D:1      | Learned a level 2 spell: Ensorcelled Hibernation
   742 | D:2      | Reached XP level 3. HP: 19/19 MP: 6/6
   882 | D:2      | Reached skill level 5 in Stealth
   886 | D:2      | Learned a level 3 spell: Confusing Touch
  1033 | D:2      | Reached XP level 4. HP: 24/24 MP: 2/7
  1355 | D:2      | Reached skill level 1 in Ice Magic
  1758 | D:3      | Found a runed translucent door.
  2645 | D:4      | Reached XP level 5. HP: 28/28 MP: 8/8
  2878 | D:4      | Noticed Blork the orc
  2926 | D:4      | Learned a level 3 spell: Tukima's Dance
  2997 | D:4      | Found a staircase to the Ecumenical Temple.
  3008 | Temple   | Entered the Ecumenical Temple
  3427 | D:4      | Reached XP level 6. HP: 32/32 MP: 4/9
  3536 | D:4      | Reached skill level 6 in Stealth
  3642 | D:5      | Entered Level 5 of the Dungeon
  3696 | D:5      | Noticed an ogre
  3716 | D:5      | Found Vyxta's Antique Armour Boutique.
  3721 | D:5      | Bought a glowing cloak for 217 gold pieces
  3749 | D:5      | Noticed an ice beast
  3751 | D:5      | Killed an ice beast
  3758 | D:5      | Learned a level 3 spell: Frozen Ramparts
  3938 | D:5      | Reached XP level 7. HP: 35/36 MP: 8/11
  3950 | D:5      | Reached skill level 5 in Short Blades
  4163 | D:5      | Found a shimmering altar of Xom.
  4195 | D:5      | Reached skill level 7 in Stealth
  4345 | D:5      | Reached XP level 8. HP: 41/41 MP: 10/13
  4875 | D:5      | Reached skill level 5 in Hexes
  5100 | D:6      | Noticed a troll
  5104 | D:6      | Killed a troll
  5105 | D:6      | Reached skill level 8 in Stealth
  5201 | D:6      | Reached XP level 9. HP: 46/46 MP: 15/15
  5204 | D:6      | Got Ockesat's Parchment of Correspondence
  5210 | D:6      | Learned a level 2 spell: Blink
  5246 | D:6      | Reached skill level 1 in Fighting
  5257 | D:6      | Found a basalt altar of Yredelemnul.
  5257 | D:6      | Found a bloodstained altar of Trog.
  5549 | D:6      | Found Piefe's Jewellery Boutique.
  5551 | D:6      | Reached skill level 9 in Stealth
  6206 | D:7      | Reached skill level 5 in Ice Magic
  6414 | D:7      | Succumbed to a gnoll sergeant's poison

Illustrated notes

Levels and vault maps discovered:
D:1:      eino_arrival_cavern_a, layout_rooms, ebering_ecumenical_altar_ruins
D:2:      layout_basic, serial_corexii_hall, corexii_hall_statues_i,
          corexii_hall_statues_t
D:3:      layout_basic, ebering_ghost_sewer_d, serial_co_window_serial,
          co_window_paths_b, co_window_corner_a, co_window_paths_b,
          co_window_paths_a, co_window_corner_a, co_window_corner_cb,
          co_window_broadway_a, co_window_broadway_c, co_window_broadway_b,
          glass_columns_a, glass_columns_a, glass_columns_a, glass_columns_a
D:4:      layout_basic, minmay_temple_entry_arrows, uniq_blork_the_orc
D:5:      layout_gridville, led_xom_imps, serial_shops, nicolae_shop_waterfront
D:6:      layout_loops_ring, nicolae_overflow_squiral,
          minmay_shop_enchanted_jewellery
D:7:      layout_basic, hellmonk_guarded_unrand_night
Temple:   oiseaux_autumnal_temple

Skill      XL: |  1  2  3  4  5  6  7  8  9 |
---------------+----------------------------+-----
Short Blades   | 2 3 4 5 6 7 |  7.8
Stealth        | 5 6 7 8 9 |  9.4
Ice Magic      | 1 2 4 5 |  5.0
Spellcasting   | 3 4 |  4.0
Hexes          | 4 5 6 |  6.3
Fighting       | 3 |  3.0
Dodging        | |  2.4

Action                     |  1- 3 |  4- 6 |  7- 9 || total
---------------------------+-------+-------+-------++-------
  Melee: Dagger            |    43 |    81 |    81 ||   205
         Punch             |     1 |     1 |     2 ||     4
   Cast: Ensorcelled Hiber |     7 |    18 |    37 ||    62
         Confusing Touch   |       |       |     6 ||     6
    Use: Scroll            |       |       |     6 ||     6
         Potion            |       |       |     1 ||     1
   Stab: Sleeping          |    21 |    33 |    33 ||    87
         Confused          |       |       |     6 ||     6
 Armour: Robe              |     7 |    12 |     9 ||    28
  Dodge: Dodged            |    15 |    34 |    40 ||    89

Table legend: (Time is in decaauts)
 A = Elapsed time spent in this place.
 B = Non-inter-level travel time spent in this place.
 C = Inter-level travel time spent in this place.
 D = Time resting spent in this place.
 E = Time spent auto-exploring this place.
 F = Levels seen in this place.
 G = Mean time per level.
                   A        B        C        D        E       F      G
               +--------+--------+--------+--------+--------+-----+--------+
         Total |   6393 |   6252 |    141 |    379 |   4584 |   8 |  799.1 |
       Dungeon |   6004 |   5898 |    106 |    379 |   4254 |   7 |  857.7 |
        Temple |    388 |    353 |     35 |      0 |    329 |   1 |  388.0 |
               +--------+--------+--------+--------+--------+-----+--------+

Top non-repeatable levels by time:
     D:5: 1418 daAuts
     D:6: 1088 daAuts
     D:3: 1000 daAuts
     D:2: 925 daAuts
     D:1: 696 daAuts
     D:4: 627 daAuts
  Temple: 388 daAuts
     D:7: 247 daAuts
